 Dungeon Crawl Stone Soup version 0.29.0-4-gdea44cf6ec (webtiles) character file.

Game seed: 2582463289878844218

39 qw the Chopper (level 3, -10/21 HPs)
             Began as a Tengu Warper on Aug 28, 2022.
             Mangled by Sigmund
             ... wielding a +0 scythe
              (12 damage)
             ... on level 2 of the Dungeon.
             The game lasted 00:00:07 (1327 turns).

qw the Chopper (Tengu Warper)                       Turns: 1327, Time: 00:00:08

Health: -10/21     AC:  3    Str: 13    XL:     3   Next: 47%
Magic:  7/7        EV: 12    Int: 13    God:
Gold:   30         SH:  0    Dex: 13    Spells: 6/6 levels left

rFire   . . .      SeeInvis .   Y - +0 hand axe
rCold   . . .      Faith    .   (no shield)
rNeg    . . .      Spirit   .   b - +0 leather armour
rPois   .          Reflect  .   (helmet restricted)
rElec   .          Harm     .   (no cloak)
rCorr   .          Rampage  .   (no gloves)
Will    .....                   (boots unavailable)
Stlth   +.........              (no amulet)
HPRegen 0.07/turn               (no ring)
MPRegen 0.10/turn               (no ring)

@: no status effects
A: beak, talons 3
a: no special abilities


You were on level 2 of the Dungeon.
You visited 1 branch of the dungeon, and saw 2 of its levels.

You collected 69 gold pieces.
You spent 39 gold pieces at shops.


Innate Abilities, Weirdness & Mutations

You have a beak for a mouth.
You have claws for feet.


   Skills:
 - Level 2.0 Fighting
 + Level 4.2 Axes
 - Level 1.0 Throwing
 - Level 1.1 Armour
 - Level 2.1 Dodging
 - Level 2.0 Spellcasting
 - Level 2.4 Translocations


You had 6 spell levels left.
You didn't know any spells.
Your spell library contained the following spells:

 Spells                   Type           Power      Damage    Failure   Level
 Blink                    Tloc           14%        N/A       19%         2
 Gell's Gravitas          Tloc           7%         N/A       36%         3
 Lesser Beckoning         Tloc           7%         N/A       36%         3
 Teleport Other           Tloc           7%         N/A       36%         3
 Manifold Assault         Tloc           7%         N/A       98%         5

Inventory:

Hand Weapons
 d - a +0 whip
 Y - a +0 hand axe (weapon)
Armour
 b - a +0 leather armour (worn)
 h - a +0 pair of gloves
Jewellery
 g - a +4 ring of slaying {mikee}
 i - a ring of positive energy
Scrolls
 a - a scroll of butterflies {unknown}
Potions
 c - a potion of ambrosia {unknown}
 e - a potion of mutation {unknown}
 f - a potion of magic {unknown}

Dungeon Overview and Level Annotations

Branches:
Dungeon (2/15)

Altars:

Shops:
D:1 *?**[

Annotations:
D:2 Sigmund


Message History

The ball python hisses angrily.
The ball python barely misses you. The ball python grabs you.
The ball python constricts you.
You slash the ball python!
You kill the ball python!
You see here a ball python corpse.
You open the door.
There is an open door here.
There is an open door here.
You see here a scroll of blinking.
There is a stone staircase leading up here.
You now have 30 gold pieces (gained 4).
Sigmund the Dreaded comes into view.
He is wielding a +0 scythe, wearing a +2 robe of positive energy and carrying a wand of flame (11).
Sigmund shouts!
Sigmund gestures at you while chanting.
You are confused.
Enter note: You bump into the rock wall.
Sigmund gestures at you while chanting. The magic dart hits you!
You bump into the rock wall.
Sigmund casts a spell at you. The magic dart hits you!
You're too confused to move!
Found 12 gold pieces.
You feel less confused. Sigmund hits you but does no damage.
You barely miss Sigmund. You claw Sigmund, but do no damage.
Your peck misses Sigmund. Sigmund hits you with a +0 scythe.
You closely miss Sigmund. You closely miss Sigmund. You claw Sigmund.
Sigmund is moderately wounded.
Sigmund mumbles some strange words.
Sigmund flickers and vanishes!
Deactivating autopickup; reactivate with Ctrl-A.
You miss something. Your kick misses something. Something hits you!
Ouch! That really hurt!
You die... ######################## ................@{.....$ ########################

There were no monsters in sight!

Vanquished Creatures
  2 dart slugs
  7 bats
  4 endoplasms (D:1)
  A goblin (D:1)
  3 hobgoblins (D:1)
  6 jackals (D:1)
  3 ball pythons
  3 kobolds
  3 rats
32 creatures vanquished.

Notes
Turn   | Place    | Note
-------+----------+-------------------------------------------
     0 | D:1      | qw the Tengu Warper began the quest for the Orb.
     0 | D:1      | Reached XP level 1. HP: 12/12 MP: 4/4
     0 | D:1      | 0 ||| qw: Version: 0.1-a-89-g26bdef1
     0 | D:1      | 0 ||| qw: Game counter: 1282
     0 | D:1      | 0 ||| qw: Always use a shield: true
     0 | D:1      | 0 ||| qw: God list: Okawaru
     0 | D:1      | 0 ||| qw: Allow faded altars: false
     0 | D:1      | 0 ||| qw: Do Orc after D:15 true
     0 | D:1      | 0 ||| qw: Do second Lair branch before Depths: true
     0 | D:1      | 0 ||| qw: Lair rune preference: random
     0 | D:1      | 0 ||| qw: Plans: Normal
     0 | D:1      | 0 ||| PLANNING D:1-11
    13 | D:1      | You fall into a shaft and drop 1 floor!
    22 | D:2      | 22 ||| DROPPING scroll of blinking.
   108 | D:1      | 108 ||| Stepping ~*~*~tactically~*~*~ (stealth).
   109 | D:1      | 109 ||| Stepping ~*~*~tactically~*~*~ (stealth).
   157 | D:1      | 157 ||| Stepping ~*~*~tactically~*~*~ (stealth).
   162 | D:1      | Reached XP level 2. HP: 10/17 MP: 6/6
   182 | D:1      | Reached skill level 3 in Axes
   267 | D:1      | 267 ||| Stepping ~*~*~tactically~*~*~ (stealth).
   355 | D:1      | 355 ||| Stepping ~*~*~tactically~*~*~ (stealth).
   367 | D:1      | 367 ||| Stepping ~*~*~tactically~*~*~ (stealth).
   371 | D:1      | 371 ||| Stepping ~*~*~tactically~*~*~ (stealth).
   575 | D:1      | Found Ymutz's Assorted Antiques.
   578 | D:1      | 578 ||| BUYING grey potion (21 gold).
   578 | D:1      | Bought a grey potion for 21 gold pieces
   578 | D:1      | 578 ||| SHOPLISTING ring mail (96 gold, have 13).
   578 | D:1      | 578 ||| SHOPLISTING scroll labelled DEXKORPH HUULE (24
                  | gold, have 13).
   578 | D:1      | 578 ||| SHOPLISTING scroll labelled LUOCVI VUPI (24 gold,
                  | have 13).
   578 | D:1      | 578 ||| SHOPLISTING warped flail (204 gold, have 13).
   615 | D:1      | Reached XP level 3. HP: 15/21 MP: 7/7
   773 | D:1      | Found Qenuykil's General Store.
   788 | D:1      | 788 ||| SHOPLISTING +1 leather armour "Uduotich" {rF+} (273
                  | gold, have 24).
   788 | D:1      | 788 ||| SHOPLISTING potion of cancellation (104 gold, have
                  | 24).
   788 | D:1      | 788 ||| SHOPLISTING potion of haste (130 gold, have 24).
   788 | D:1      | 788 ||| SHOPLISTING scroll of teleportation (39 gold, have
                  | 24).
   793 | D:1      | Found Sopp's Assorted Antiques.
   807 | D:1      | 807 ||| SHOPLISTING runed leather armour (90 gold, have
                  | 24).
   807 | D:1      | 807 ||| BUYING scroll labelled FOMNIDW CYECE (18 gold).
   807 | D:1      | Bought a scroll labelled FOMNIDW CYECE for 18 gold pieces
   807 | D:1      | 807 ||| SHOPLISTING smoky orange potion (16 gold, have 6).
   844 | D:1      | Found Faohy Fon's Magic Scroll Boutique.
   847 | D:1      | 847 ||| SHOPLISTING scroll of enchant armour (75 gold, have
                  | 6).
   847 | D:1      | 847 ||| SHOPLISTING scroll of enchant weapon (75 gold, have
                  | 6).
   903 | D:1      | Found Hungil's Armour Emporium.
   910 | D:1      | 910 ||| SHOPLISTING +0 buckler (54 gold, have 6).
   910 | D:1      | 910 ||| SHOPLISTING +0 ring mail (48 gold, have 6).
   910 | D:1      | 910 ||| SHOPLISTING +2 scale mail of poison resistance (216
                  | gold, have 6).
  1059 | D:1      | Reached skill level 4 in Axes
  1085 | D:1      | 1085 ||| READING scroll labelled FOMNIDW CYECE.
  1086 | D:1      | 1086 ||| READING scroll labelled LUOCVI VUPI.
  1087 | D:1      | 1087 ||| DRINKING 2 viscous emerald potions.
  1127 | D:1      | 1127 ||| DRINKING 2 murky red potions.
  1128 | D:1      | 1128 ||| DROPPING potion of lignification.
  1129 | D:1      | 1129 ||| DROPPING potion of invisibility.
  1202 | D:2      | 1202 ||| Stepping ~*~*~tactically~*~*~ (stealth).
  1316 | D:2      | Noticed Sigmund
  1324 | D:2      | HP: 2/21 [Sigmund/+0 scythe (4)]
  1327 | D:2      | Mangled by Sigmund

Levels and vault maps discovered:
D:1:      dpeg_arrival_tiny_i, layout_basic, serial_shops, shop,
          nicolae_shop_statue_plus, nicolae_shop_behind_doors,
          nicolae_square_shop, nicolae_shop_trees
D:2:      layout_basic, uniq_sigmund

Skill      XL: |  1  2  3 |
---------------+----------+-----
Axes           | 3 4 |  4.2
Fighting       | |  2.0
Throwing       | |  1.0
Armour         | |  1.1
Dodging        | |  2.1
Spellcasting   | |  2.0
Translocations | |  2.4

Action                   || total
-------------------------++-------
Melee: Hand axe          ||    71
       Kick              ||    18
       Peck              ||     6
Throw: Boomerang         ||     7
  Use: Scroll            ||     2
       Potion            ||     2
Armor: Leather armour    ||    26
Dodge: Dodged            ||    38

Table legend:
 A = Non-vault XP
 B = Vault XP
 C = Vault XP percentage of total XP
 D = Non-vault monster count
 E = Vault monster count
 F = Vault count percentage of total count
                 A         B        C        D         E       F
            +---------+---------+-------+---------+---------+-------
      Total |      57 |       0 |   0.0 |      32 |       0 |   0.0
            +---------+---------+-------+---------+---------+-------
        D:1 |      46 |       0 |   0.0 |      26 |       0 |   0.0
        D:2 |      11 |       0 |   0.0 |       6 |       0 |   0.0
            +---------+---------+-------+---------+---------+-------
